 Dungeon Crawl Stone Soup version 0.20-a0-710-g71b569a (webtiles) character file.

243 thurin the Magician (level 5, -2/28 HPs)
             Began as a Deep Elf Earth Elementalist on Feb 22, 2017.
             Slain by a gnoll
             ... wielding a +0 halberd
              (6 damage)
             ... on level 4 of the Dungeon.
             The game lasted 00:16:50 (2913 turns).

thurin the Magician (Deep Elf Earth Elementalist)   Turns: 2913, Time: 00:16:51

Health: -2/28      AC:  3    Str:  6    XL:     5   Next: 82%
Magic:  7/16       EV: 13    Int: 20    God:
Gold:   151        SH:  0    Dex: 15    Spells: 14/18 levels left

rFire    . . .     SeeInvis .   G - +0 quarterstaff (protect)
rCold    + . .     Gourm    .   t - +0 robe {rC+}
rNeg     . . .     Faith    .   (shield currently unavailable)
rPois    .         Spirit   .   o - +0 helmet
rElec    .         Reflect  .   (no cloak)
rCorr    .         Harm     .   (no gloves)
MR       .....                  (no boots)
Stlth    ++........             (no amulet)
Regen    0.1/turn               (no ring)
MPRegen  0.2/turn               (no ring)

@: no status effects
A: no striking features
a: no special abilities


You were on level 4 of the Dungeon.
You were hungry.

You visited 1 branch of the dungeon, and saw 4 of its levels.

You collected 151 gold pieces.

Inventory:

Hand Weapons
 n - a +1 whip
 G - a +0 quarterstaff of protection (weapon)
Missiles
 b - 86 stones (quivered)
Armour
 c - a +1 robe
 o - a +0 helmet (worn)
 t - a +0 robe of cold resistance (worn)
Jewellery
 u - an uncursed ring of resist corrosion {unknown}
 D - an uncursed amulet of the gourmand {unknown}
Wands
 C - a wand of paralysis (9/24)
Scrolls
 f - a scroll of amnesia {unknown}
 j - 3 scrolls of identify
 l - a scroll of magic mapping {unknown}
 m - 2 scrolls of blinking
 p - a scroll of enchant weapon
 x - a scroll of teleportation {unknown}
 y - a scroll of fog
 B - a scroll of remove curse
 E - a scroll of fear {unknown}
 F - a scroll of immolation {unknown}
Potions
 a - a potion of might
 g - a potion of brilliance {unknown}
 k - a potion of resistance {unknown}
 q - a potion of flight {unknown}
 r - 5 potions of lignification {unknown}
 s - 3 potions of curing {unknown}
 v - 2 potions of heal wounds {unknown}
 z - a potion of degeneration {unknown}
Books
 e - a book of Geomancy

   Spells                             Type                      Level
   a - Sandblast                      Earth                        1
   b - Passwall                       Transmutation/Earth          2
   c - Stone Arrow                    Conjuration/Earth            3
   d - Petrify                        Transmutation/Earth          4
   e - Lee's Rapid Deconstruction     Earth                        5
Comestibles
 d - 2 bread rations
 h - 2 fruits
 i - 2 meat rations
 w - a royal jelly


   Skills:
 - Level 2.4 Dodging
 - Level 2.4 Stealth
 * Level 7.1 Spellcasting
   Level 1.1 Transmutations
 + Level 4.7 Earth Magic


You had 14 spell levels left.
You knew the following spells:

 Your Spells              Type           Power        Failure   Level  Hunger
a - Sandblast             Erth           ####..       1%          1    None
b - Stone Arrow           Conj/Erth      ###...       12%         3    #......


Dungeon Overview and Level Annotations

Branches:
Dungeon (4/15)
 Temple: D:4-7

Altars:
Gozag


Message History

Aiming: Sandblast
Press: ? - help, Shift-Dir - straight line, f - orc
Aim: an orc The blast of sand hits the orc.
You kill the orc!
b - 86 stones An orc and an orc priest come into view.
The orc moves out of view.
You see here an orc corpse.
An orc wizard comes into view. It is wielding a dagger.
The orc shouts!
There is a stone staircase leading down here.
You climb downwards.
The gnoll misses you. The gnoll hits you with a flail.
* * * LOW HITPOINT WARNING * * *
The gnoll barely misses you.
There is a stone staircase leading up, spattered with blood here.
A gnoll comes into view. It is wielding a whip.
The gnoll shouts!
The gnoll hits you from afar with a halberd.
You die...

##.. ##..#
.. ..##...#
... #.#....#
...##.#...(#
......#....#
...........#
.......#..@#
........g..#
.......%g..#
......##[..#
....g #####
.... ... ..
.


You could see 3 gnolls.

Vanquished Creatures
  An ogre (D:4)
  A hound (D:4)
  3 adders
  3 oozes
  3 worms
  4 dart slugs
  3 leopard geckos
  4 orcs
  11 bats
  3 giant cockroaches
  5 hobgoblins
  6 kobolds
  5 frilled lizards
  11 goblins
  10 rats
73 creatures vanquished.

Notes
Turn   | Place    | Note
-------+----------+-------------------------------------------
     0 | D:1      | thurin the Deep Elf Earth Elementalist began the quest for the Orb.
     0 | D:1      | Reached XP level 1. HP: 10/10 MP: 6/6
    37 | D:1      | Reached XP level 2. HP: 15/15 MP: 4/8
   134 | D:1      | Reached skill level 4 in Spellcasting
   798 | D:1      | Reached XP level 3. HP: 16/19 MP: 10/10
   867 | D:1      | Learned a level 3 spell: Stone Arrow
  1412 | D:2      | Reached skill level 5 in Spellcasting
  1423 | D:2      | Reached XP level 4. HP: 15/24 MP: 11/13
  2137 | D:3      | Found an opulent altar of Gozag.
  2650 | D:3      | Reached skill level 6 in Spellcasting
  2885 | D:4      | Noticed an ogre
  2886 | D:4      | Reached XP level 5. HP: 28/28 MP: 6/15
  2889 | D:4      | Killed an ogre
  2889 | D:4      | Reached skill level 7 in Spellcasting
  2913 | D:4      | Slain by a gnoll

Vault maps used:
D:1:      co_arrival_square_in_a_square_in_a_square
D:2:      first_bread
D:3:      nicolae_gozag_cash_rules_everything_around_me
D:4:      minmay_opposing_rooms

Skill      XL: |  1  2  3  4  5 |
---------------+----------------+-----
Spellcasting   | 4 5 6 7 |  7.1
Earth Magic    | 4 |  4.7
Dodging        | |  2.4
Stealth        | |  2.4
Transmutations | |  1.1

Action                   |  1- 3 |  4- 6 || total
-------------------------+-------+-------++-------
Melee: Whip              |    67 |    78 ||   145
       Short sword       |    16 |       ||    16
       Quarterstaff      |       |    20 ||    20
 Cast: Sandblast         |    31 |    20 ||    51
       Stone Arrow       |     2 |     1 ||     3
  Use: Scroll            |     7 |       ||     7
 Stab: Sleeping          |     3 |     2 ||     5
  Eat: Chunk             |     2 |     4 ||     6
Armor: Robe              |    27 |    32 ||    59
Dodge: Dodged            |    96 |    82 ||   178
